 Dungeon Crawl Stone Soup version 0.27-a0-522-g46bbb28828 (webtiles) character file.

Game seed: 5420451288849705659

5 LuckyCharm the Vexing (level 1, 0/17 HPs)
             Began as a Gnoll Arcane Marksman on Mar 5, 2021.
             Hit by a stone thrown by a kobold (3 damage)
             ... on level 1 of the Dungeon.
             The game lasted 00:01:36 (135 turns).

LuckyCharm the Vexing (Gnoll Arcane Marksman)        Turns: 135, Time: 00:01:37

Health: 0/17       AC:  2    Str:  9    XL:     1   Next: 80%
Magic:  4/4        EV: 13    Int: 12    God:
Gold:   0          SH:  0    Dex: 12    Spells: 4/5 levels left

rFire    . . .     SeeInvis .   a - +0 shortbow
rCold    . . .     Faith    .   (shield currently unavailable)
rNeg     . . .     Spirit   .   e - +0 robe
rPois    .         Reflect  .   (no helmet)
rElec    .         Harm     .   (no cloak)
rCorr    .         Rampage  .   (no gloves)
Will     .....                  (no boots)
Stlth    +.........             (no amulet)
HPRegen  0.05/turn              (no ring)
MPRegen  0.09/turn              (no ring)

@: no status effects
A: fangs 1, strong nose, distributed training
a: no special abilities


You were on level 1 of the Dungeon.
You visited 1 branch of the dungeon, and saw 1 of its levels.

Inventory:

Hand Weapons
 a - a +0 shortbow (weapon)
Missiles
 d - 12 arrows (quivered ammo)
Armour
 e - a +0 robe (worn)


   Skills:
 + Level 2.4 Fighting
 + Level 0.1 Short Blades
 + Level 0.1 Long Blades
 + Level 0.1 Axes
 + Level 0.1 Maces & Flails
 + Level 0.1 Polearms
 + Level 0.1 Staves
 + Level 0.1 Slings
 + Level 4.4 Bows
 + Level 0.1 Crossbows
 + Level 0.1 Throwing
 + Level 0.1 Armour
 + Level 4.4 Dodging
 + Level 0.1 Stealth
 + Level 0.1 Shields
 + Level 0.1 Unarmed Combat
 + Level 2.6 Spellcasting
 + Level 0.1 Conjurations
 + Level 5.3 Hexes
 + Level 0.1 Summonings
 + Level 0.1 Necromancy
 + Level 0.1 Translocations
 + Level 0.1 Transmutations
 + Level 0.1 Fire Magic
 + Level 0.1 Ice Magic
 + Level 0.1 Air Magic
 + Level 0.1 Earth Magic
 + Level 0.1 Poison Magic
 + Level 0.2 Invocations
 + Level 0.1 Evocations


You had 4 spell levels left.
You knew the following spells:

 Your Spells              Type           Power        Failure   Level
a - Corona                Hex            15%          2%          1

Your spell library contained the following spells:

 Spells                   Type           Power        Failure   Level
 Slow                     Hex            14%          4%          2
 Inner Flame              Hex/Fire       8%           26%         3
 Portal Projectile        Hex/Tloc       16%          26%         3
 Cause Fear               Hex            7%           28%         4
 Leda's Liquefaction      Hex/Erth       4%           63%         4


Dungeon Overview and Level Annotations

Branches:
Dungeon (1/15)

Altars:


Innate Abilities, Weirdness & Mutations

You have very sharp teeth.
Your uncanny sense of smell can sniff out nearby items.
Your experience applies equally to all skills.


Message History

The leopard gecko misses you. The leopard gecko bites you.
The leopard gecko closely misses you. The leopard gecko barely misses you.
The leopard gecko bites you.
* * * LOW HITPOINT WARNING * * *
Found a scroll labelled EMEYL RETUMM.
The leopard gecko hisses menacingly.
Found a stone staircase leading down.
The leopard gecko barely misses you.
You see here a scroll labelled EMEYL RETUMM.
b - a scroll labelled EMEYL RETUMM The leopard gecko barely misses you.
As you read the scroll labelled EMEYL RETUMM, it crumbles to dust.
You assume a fearsome visage.
The leopard gecko looks frightened!
The hobgoblin looks frightened!
It was a scroll of fear.
The hobgoblin looks petrified.
Found 23 stones.
The kobold throws a stone.
The stone hits you but does no damage.
The kobold throws a stone.
The stone hits you.
* * * LOW HITPOINT WARNING * * *
The hobgoblin howls, "Help!"
There is a stone staircase leading down here.
The kobold throws a stone.
The stone closely misses you.
You see here 23 stones.
The kobold throws a stone.
The stone hits you.
* * * LOW HITPOINT WARNING * * *
The kobold throws a stone.
The stone hits you but does no damage.
Found a scroll labelled TIPROZ GIUK.
You see here a scroll labelled TIPROZ GIUK.
b - a scroll labelled TIPROZ GIUK Blink to where?
Press: ? - help, Dir - move target
As you read the scroll labelled TIPROZ GIUK, it crumbles to dust.
It was a scroll of blinking.
Found 13 stones.
Found a ring mail.
The kobold throws a stone.
The stone hits you but does no damage.
The kobold throws a stone.
The stone hits you.
You die...

........ ###.###..#####
#(..(.(..((..K
###.#.#...#.#### ..
#(##...... .#
#.#...#### .# # ..#.g##
# ###.##.#.#..... .
####[@............ .
#..#.........(...#####
#...........###..#....
#...K....(#......#.#.#
#.....#.#######..#...#
#..##.#...............
##.......#####....#.#.#
#........# #......#.#.#
#####.######...>.......


You could see a kobold.

Vanquished Creatures
  A dart slug (D:1)
  A bat (D:1)
  A kobold (D:1)
3 creatures vanquished.

Notes
Turn   | Place    | Note
-------+----------+-------------------------------------------
     0 | D:1      | LuckyCharm the Gnoll Arcane Marksman began the quest for
                  | the Orb.
     0 | D:1      | Reached XP level 1. HP: 17/17 MP: 4/4
   135 | D:1      | Hit by a stone thrown by a kobold

Illustrated notes

Levels and vault maps discovered:
D:1:      wander_arrival_lonely_grave, layout_basic, serial_curves,
          eino_curves_04, eino_curves_01, chequers_serial_rivers_micro_e,
          patterned_corridor

Action                   || total
-------------------------++-------
 Fire: Shortbow          ||    11
  Use: Scroll            ||     2
Armor: Robe              ||     2
Dodge: Dodged            ||    17

Table legend: (Time is in decaauts)
 A = Elapsed time spent in this place.
 B = Non-inter-level travel time spent in this place.
 C = Inter-level travel time spent in this place.
 D = Time resting spent in this place.
 E = Time spent auto-exploring this place.
 F = Levels seen in this place.
 G = Mean time per level.
                   A        B        C        D        E       F      G
               +--------+--------+--------+--------+--------+-----+--------+
         Total |    136 |    136 |      0 |      0 |      0 |   1 |  136.0 |
       Dungeon |    136 |    136 |      0 |      0 |      0 |   1 |  136.0 |
               +--------+--------+--------+--------+--------+-----+--------+

Top non-repeatable levels by time:
     D:1: 136 daAuts
